 Dungeon Crawl Stone Soup version 0.18-a0-486-gab6c0bd (webtiles) character file.

88 FishmanTm the Changer (level 4, -3/34 HPs)
             Began as a Merfolk Transmuter on Dec 2, 2015.
             Killed from afar by Sigmund (7 damage)
             ... with a magic dart
             ... on level 2 of the Dungeon.
             The game lasted 00:03:27 (1760 turns).

FishmanTm the Changer (Merfolk Transmuter)          Turns: 1760, Time: 00:03:27

Health: -3/34      AC:  2    Str: 10    XL:     4   Next: 53%
Magic:  3/7        EV: 13    Int: 13    God:
Gold:   79         SH:  0    Dex: 14    Spells: 3 memorised, 1 level left

rFire  . . .     SeeInvis .       - Unarmed
rCold  . . .     Clarity  .     b - +0 robe
rNeg   . . .     SustAt   .     (no shield)
rPois  .         Gourm    .     (no helmet)
rElec  .         Spirit   .     (no cloak)
rCorr  .         Dismiss  .     (no gloves)
rMut   .         Stasis   .     (no boots)
MR     .....                    (no amulet)
Stlth  +.........               (no ring)
                                (no ring)

@: confused, very slightly contaminated, not resistant to hostile enchantments,
very unstealthy
A: change form in water, swift swim
a: no special abilities


You were on level 2 of the Dungeon.
You were not hungry.

You visited 1 branch of the dungeon, and saw 2 of its levels.

You collected 79 gold pieces.

Inventory:

Missiles
 a - 37 arrows
Armour
 b - a +0 robe (worn)
Scrolls
 e - a scroll of teleportation {unknown}
 g - 2 scrolls of remove curse {unknown}
 h - a scroll of blinking {unknown}
 j - 2 scrolls of amnesia {unknown}
 k - a scroll of identify {unknown}
Potions
 f - a potion of brilliance {unknown}
 m - a potion of might {unknown}
 n - a potion of curing {unknown}
Books
 c - a book of Changes

   Spells                             Type                      Level
   a - Beastly Appendage              Transmutation                1
   b - Sticks to Snakes               Transmutation                2
   c - Spider Form                    Transmutation/Poison         3
   d - Ice Form                       Ice/Transmutation            4
   e - Blade Hands                    Transmutation                5
Comestibles
 d - 3 bread rations
 i - a meat ration
 l - a slice of pizza


   Skills:
 - Level 2.5 Fighting
 - Level 2.6 Dodging
 + Level 3.3 Unarmed Combat
 - Level 2.0 Spellcasting
 - Level 5.2 Transmutations


You had one spell level left.
You knew the following spells:

 Your Spells              Type           Power        Failure   Level  Hunger
a - Beastly Appendage     Trmt           ##....       3%          1    ##.....
b - Sticks to Snakes      Trmt           ##......     6%          2    ###....
c - Spider Form           Trmt/Pois      #.........   28%         3    ####...


Dungeon Overview and Level Annotations

Branches:
Dungeon (2/15)

Altars:

Annotations:
D:2 Sigmund


Message History

Sigmund gestures wildly while chanting.
Sigmund flickers and vanishes!
Deactivating autopickup; reactivate with Ctrl-A.
Your adder bites something.
Something hits you!
A magic dart appears from out of thin air!
The magic dart hits you!
Found a scroll labeled RAETIU JEGA.
A magic dart appears from out of thin air!
The magic dart hits you!
* * * LOW HITPOINT WARNING * * *
You hear some strange, mumbled words.
Something tries to affect you, but you resist.
Your adder closely misses something.
You are confused.
Your adder bites something but does no damage.
You bump into the rock wall.
A magic dart appears from out of thin air!
The magic dart hits you!
You die...

#...#....?#...#
#.......)#..#.#
#......S#.....##
#########.#.#.#.......#
#...##..#............##
#......###.#..#...#..#
#...####.##.#....#...#
#...# #..##..#......#
###...# #...##@.......#
##...(##
####.###..##### #.....#
#......# ......#
#.###### #.....#####
#.# ..........# #.#
..#.#.....# #.#
....#.....## #.#
...........# #.#


You could see a friendly adder.

Vanquished Creatures
  Ijyb (D:2)
  2 adders (D:2)
  An ooze (D:1)
  A worm (D:2)
  A giant gecko (D:2)
  2 hobgoblins (D:2)
  7 jackals
  2 ball pythons (D:1)
  5 bats
  2 giant cockroaches
  2 giant newts
  A goblin (D:1)
  2 kobolds (D:2)
  2 rats
31 creatures vanquished.

Vanquished Creatures (collateral kills)
  2 adders (D:2)
2 creatures vanquished.

Grand Total: 33 creatures vanquished

Notes
Turn   | Place    | Note
--------------------------------------------------------------
     0 | D:1      | FishmanTm the Merfolk Transmuter began the quest for the Orb.
     0 | D:1      | Reached XP level 1. HP: 15/15 MP: 3/3
   398 | D:1      | Reached XP level 2. HP: 20/22 MP: 3/5
   734 | D:1      | Learned a level 2 spell: Sticks to Snakes
  1027 | D:2      | Reached XP level 3. HP: 28/28 MP: 2/6
  1216 | D:2      | Noticed Ijyb
  1222 | D:2      | Reached skill level 4 in Transmutations
  1234 | D:2      | Killed Ijyb
  1234 | D:2      | Reached XP level 4. HP: 17/34 MP: 4/7
  1349 | D:2      | Reached skill level 5 in Transmutations
  1355 | D:2      | Learned a level 3 spell: Spider Form
  1726 | D:2      | Noticed Sigmund
  1760 | D:2      | Killed from afar by Sigmund

Vault maps used:
D:1:      eino_arrival_druids_welcome, minmay_shallow_snake_nest
D:2:      hangedman_decor_clover_reticule, st_stairs_12,
          hangedman_decor_opposing, serial_park_tiny_2, uniq_iyjb, uniq_sigmund

Action                   |  1- 3 |  4- 6 || total
-------------------------+-------+-------++-------
Melee: Unarmed           |    77 |    28 ||   105
 Cast: Beastly Appendage |    10 |     1 ||    11
       Sticks to Snakes  |     3 |     2 ||     5
       Spider Form       |       |     4 ||     4
 Stab: Sleeping          |     1 |       ||     1
  Eat: Chunk             |     1 |     3 ||     4
